 Dungeon Crawl Stone Soup version 0.31-a0-345-g1ebeae05c6 (webtiles) character file.

Game seed: 14773717042416269448

154275 senseless the Peltast (level 17, -7/166 HPs)
             Began as a Minotaur Fighter on July 22, 2023.
             Was the Champion of the Shining One.
             Killed from afar by a will-o-the-wisp (25 damage)
             ... with a foxfire
             ... on level 2 of the Swamp on July 24, 2023.
             The game lasted 01:13:00 (21316 turns).

senseless the Peltast (Minotaur Fighter)           Turns: 21316, Time: 01:13:01

Health: -7/166     AC: 35    Str: 33    XL:     17   Next: 6%
Magic:  7/7        EV: 14    Int:  6    God:    the Shining One [******]
Gold:   1677       SH: 20    Dex: 12    Spells: 16/16 levels left

rFire   . . .        M - +8 broad axe of Anger {antimagic, rElec rC+ Int-2 Dex+3}
rCold   + . .        b - +0 kite shield
rNeg    + + +        Z - +5 chain mail {rPois}
rPois   +            t - +3 hat "Orghi" {rN+ Regen+ rCorr Int+3}
rElec   +            R - +1 cloak of the Watchman {Regen+ Str+6 Dex-3}
rCorr   +            S - +3 pair of gauntlets of War {Slay+5}
SInv    .            L - +2 pair of boots
Will    +....        y - amulet of reflection Stlth
                     e - ring of flight
HPRegen 2.07/turn    K - ring "Ralug" {rElec rN++ EV+5}
MPRegen 0.10/turn

%: reflection
@: about to teleport, flying, glowing, studying 2 skills
A: horns 2, retaliatory headbutt, shaggy fur 1, subdued magic 1
a: Renounce Religion, Divine Shield, Cleansing Flame, Summon Divine Warrior,
Brand Weapon With Holy Wrath


You were on level 2 of the Swamp.
You worshipped the Shining One.
The Shining One was exalted by your worship.
You visited 5 branches of the dungeon, and saw 25 of its levels.
You visited the Abyss 1 time.
You also visited: Ice Cave.

You collected 3376 gold pieces.
You spent 1699 gold pieces at shops.

Inventory:

Hand Weapons
 a - a +4 spectral war axe
 k - the +8 whip "Snakebite" {venom, curare, rPois}
   (You found it on level 2 of the Lair of Beasts)

   rPois:     It protects you from poison.
 G - a +3 scimitar of flaming
 M - the +8 broad axe of Anger (weapon) {antimagic, rElec rC+ Int-2 Dex+3}
   (You found it on level 11 of the Dungeon)

   Int:       It affects your intelligence (-2).
   Dex:       It affects your dexterity (+3).
   rC:        It protects you from cold.
   rElec:     It insulates you from electricity.
Missiles
 n - 6 javelins
 P - 2 throwing nets
Armour
 b - a +0 kite shield (worn)
 p - the +4 plate armour of the Guild-Master {Dex+3}
   (You found it on level 3 of the Dungeon)

   Dex:       It affects your dexterity (+3).
 t - the +3 hat "Orghi" (worn) {rN+ Regen+ rCorr Int+3}
   (You acquired it on level 5 of the Dungeon)

   Int:       It affects your intelligence (+3).
   rN:        It protects you from negative energy.
   Regen:     It increases your rate of health regeneration.
   rCorr:     It protects you from acid and corrosion.
 L - a +2 pair of boots (worn)
 R - the +1 cloak of the Watchman (worn) {Regen+ Str+6 Dex-3}
   (You found it on level 14 of the Dungeon)

   Str:       It affects your strength (+6).
   Dex:       It affects your dexterity (-3).
   Regen:     It increases your rate of health regeneration.
 S - the +3 pair of gauntlets of War (worn) {Slay+5}
   (You bought it in a shop on level 2 of the Dungeon)

   Slay:      It affects your accuracy & damage with ranged weapons and melee
   (+5).
 Z - a +5 chain mail of poison resistance (worn)
Jewellery
 e - a ring of flight (left hand)
 y - an amulet of reflection (around neck)
 K - the ring "Ralug" (right hand) {rElec rN++ EV+5}
   (You found it on level 11 of the Dungeon)

   [ring of evasion]

   EV:        It affects your evasion (+5).
   rElec:     It insulates you from electricity.
   rN:        It greatly protects you from negative energy.
 Y - an amulet of faith
Talismans
 f - a beast talisman
 T - a blade talisman
 W - a maw talisman
Wands
 i - a wand of charming (12)
 w - a wand of mindburst (26)
 C - a wand of flame (33)
 D - a wand of acid (22) (quivered)
 E - a wand of polymorph (18)
 U - a wand of roots (12)
Scrolls
 c - 2 scrolls of fog
 g - 4 scrolls of revelation
 m - 6 scrolls of teleportation
 o - 4 scrolls of fear
 H - a scroll of silence
 J - 3 scrolls of identify
 Q - 2 scrolls of amnesia
 V - 4 scrolls of enchant weapon
Potions
 d - 3 potions of might
 h - 2 potions of ambrosia
 j - 2 potions of haste
 l - 10 potions of curing
 q - 4 potions of brilliance
 u - 3 potions of magic
 z - 3 potions of cancellation
 A - 2 potions of resistance
 B - 2 potions of mutation
 F - a potion of lignification
 I - a potion of heal wounds
 N - 4 potions of attraction
 X - a potion of enlightenment


   Skills:
 + Level 18.8 Fighting
 - Level 18.0 Axes
 + Level 1.4 Throwing
 + Level 18.7 Armour
 + Level 20.7 Shields
 + Level 8.1 Invocations


You had 16 spell levels left.
You didn't know any spells.
Your spell library contained the following spells:

 Spells                   Type           Power      Damage    Failure   Level
 Freeze                   Ice            0%         1d3       75%         1
 Kiss of Death            Conj/Necr      0%         2d5       75%         1
 Sandblast                Erth           0%         2d4       75%         1
 Sting                    Tmut/Pois      0%         1d3       75%         1
 Blink                    Tloc           0%         N/A       87%         2
 Lesser Beckoning         Tloc           0%         N/A       87%         2
 Momentum Strike          Conj/Tloc      0%         3d8       87%         2
 Passwall                 Tmut/Erth      0%         N/A       87%         2
 Poisonous Vapours        Pois/Air       0%         N/A       87%         2
 Static Discharge         Conj/Air       0%         2-2/arc   87%         2
 Confusing Touch          Hex            0%         N/A       98%         3
 Frozen Ramparts          Ice            0%         1d1       98%         3
 Hailstorm                Conj/Ice       0%         3d3       98%         3
 Inner Flame              Hex/Fire       0%         N/A       98%         3
 Stone Arrow              Conj/Erth      0%         3d7       98%         3
 Airstrike                Air            0%         2d(0-16)  100%        4
 Animate Armour           Summ/Erth      0%         N/A       100%        4
 Dispel Undead            Necr           0%         3d6       100%        4
 Olgreb's Toxic Radiance  Pois           0%         N/A       100%        4
 Petrify                  Tmut/Erth      0%         N/A       100%        4
 Summon Lightning Spire   Summ/Air       0%         N/A       100%        4
 Freezing Cloud           Conj/Ice/Air   0%         6-21      100%        5
 Iskenderun's Battlesphe  Conj           0%         2d6       100%        5
 Metabolic Englaciation   Hex/Ice        0%         N/A       100%        5
 Yara's Violent Unravell  Hex/Tmut       0%         3d3       100%        5
 Conjure Ball Lightning   Conj/Air       0%         3x3d6     100%        6
 Leda's Unmaking          Conj/Erth      0%         9d1       100%        6
 Simulacrum               Ice/Necr       0%         N/A       100%        6
 Enfeeble                 Hex            0%         N/A       100%        7
 Ozocubu's Refrigeration  Ice            0%         4d7       100%        7
 Spellforged Servitor     Conj/Summ      0%         N/A       100%        7
 Lehudib's Crystal Spear  Conj/Erth      0%         10d2      100%        8
 Chain Lightning          Conj/Air       0%         N/A       100%        9
 Fire Storm               Conj/Fire      0%         5d1       100%        9
 Polar Vortex             Ice            0%         N/A       100%        9
 Shatter                  Erth           0%         3d5*      100%        9


Dungeon Overview and Level Annotations

Branches:
Dungeon (15/15)            Temple (1/1) D:6            Lair (5/5) D:11
  Swamp (2/4) Lair:2        Snake (0/4) Lair:3        Slime (0/5) Lair:5
    Orc (2/2) D:11            Elf (0/3) Orc:2        Vaults (0/5) D:13
 Depths (0/4) D:15          IceCv (visited)

Altars:
Ashenzari
Cheibriados
Dithmenos
Elyvilon
Fedhas
Gozag
Hepliaklqana
Kikubaaqudgha
Makhleb
Nemelex Xobeh
Okawaru
Qazlal
Ru
Sif Muna
Trog
Uskayaw
Vehumet
Wu Jian
Xom
Yredelemnul
Zin
The Shining One
Jiyva

Shops:
D:2 *   D:6 ?   D:8 *   Orc:1 ?   Orc:2 ([[*


Innate Abilities, Weirdness & Mutations

You have a pair of horns on your head.
You reflexively headbutt those who attack you in melee.
You are covered in fur. (AC +1)
Your spells are a little easier to cast, but a little less powerful.


Message History

You hit the foxfire. You slice the will-o-the-wisp!!
The will-o-the-wisp's magic leaks into the air.
The foxfire hits you!
A foxfire comes into view.
The foxfire hits you!
The foxfire hits you but does no damage.
The will-o-the-wisp blinks!
The will-o-the-wisp gestures.
The will-o-the-wisp conjures some foxfire!
The will-o-the-wisp falters for a moment. 2 foxfires come into view.
You slash the tyrant leech!
The tyrant leech is almost dead.
You hit the will-o-the-wisp.
The will-o-the-wisp's magic leaks into the air.
You slash the foxfire! You hit the foxfire. You slash the will-o-the-wisp!
You destroy the will-o-the-wisp!
The foxfire hits you!
* * * LOW HITPOINT WARNING * * *
The foxfire hits you but does no damage.
The foxfire hits you!
* * * LOW HITPOINT WARNING * * *
The tyrant leech misses you. You furiously retaliate!
You headbutt the tyrant leech!
You kill the tyrant leech!
The Shining One accepts your kill.
You feel better.
Okay, then.
As you read the scroll of teleportation, it crumbles to dust.
You feel strangely unstable.
The foxfire hits you but does no damage.
The foxfire hits you!!
* * * LOW HITPOINT WARNING * * *
The foxfire dissipates!
The will-o-the-wisp falters for a moment.
The will-o-the-wisp gestures.
The will-o-the-wisp conjures some foxfire! 2 foxfires come into view.
You feel better. The foxfire hits you!!
You die...

.#..~~..~~§....~~.♣.♣♣
.#..~^~~(~.~.~.......♣
.#..~~..~.♣♣...♣.....♣
.....~~.♣♣♣♣♣♣♣♣♣...♣♣
...~.~~♣♣♣..♣~.♣♣....♣
.....~♣♣ .~...~.♣♣.~♣♣
~..§.♣ §~≈≈~~.~♣♣.♣♣
..... .§§§≈≈§.♣♣~.♣
... ♣≈≈§v@.♣..♣ ~~~.
≈≈v♣§≈v§~...♣ §
♣vv♣≈≈§~...♣
≈≈♣♣≈§~..♣..♣
.§≈≈≈≈..♣♣..♣
....~~♣♣♣..♣ ..~.~.♣
...♣ ♣♣§~.♣ .~.♣ ♣♣♣♣
.~♣


You could see 3 will-o-the-wisps.

Vanquished Creatures
  Saint Roka (Orc:2)
  Mlioglotl (Swamp:1)
  3 tentacled starspawn (Abyss:2)
  Gastronok (Lair:2)
  A fenstrider witch (Swamp:1)
  A draconian scorcher (Abyss:2)
  An orc warlord (Orc:1)
  A very ugly thing (Abyss:2)
  Nessos (Orc:2)
  An eleionoma (Swamp:2)
  5 bunyips (Swamp:1)
  Azrael (D:13)
  3 fire dragons
  A blizzard demon (Abyss:2)
  A great orb of eyes (Abyss:2)
  8 hydras
  A rakshasa (D:11)
  4 centaur warriors (D:14)
  A catoblepas (D:14)
  An ogre mage (D:15)
  5 two-headed ogres
  4 death yaks (Lair:4)
  Erica (D:8)
  4 alligators
  7 boulder beetles
  4 tengu warriors
  5 orc high priests (Orc:2)
  A thrashing horror (Abyss:2)
  Sonja (Lair:4)
  A sun demon (Abyss:2)
  4 wretched stars (Abyss:2)
  A fire crab (D:14)
  An iron troll (D:13)
  10 bog bodies
  5 skysharks
  3 spriggan druids (Swamp:1)
  A lindwurm (shapeshifter) (D:14)
  A phantasmal warrior (Abyss:2)
  2 necromancers
  A glowing orange brain (Abyss:2)
  A wizard (D:13)
  12 orc knights
  5 deep elf pyromancers
  4 manticores
  2 will-o-the-wisps (Swamp:2)
  A wolf spider (D:14)
  20 ugly things
  7 cyclopes
  A worldbinder (Abyss:2)
  4 black mambas
  2 ice statues
  An elephant (shapeshifter) (D:14)
  An apocalypse crab (Abyss:2)
  A smoke demon (Abyss:2)
  6 elephants (Lair:5)
  Psyche (D:8)
  A naga skeleton (Abyss:2)
  A torpor snail (Lair:4)
  2 kobold demonologists
  3 efreet
  3 rime drakes
  13 komodo dragons
  2 unseen horrors
  A rime drake (shapeshifter) (D:12)
  5 cane toads
  2 tengu conjurers (D:14)
  3 freezing wraiths
  An ice devil (Lair:4)
  7 hornets
  A meliai (D:14)
  14 trolls
  6 tyrant leeches
  8 polar bears
  11 blink frogs
  10 raiju (Abyss:2)
  6 dream sheep
  3 flying skulls (Abyss:2)
  17 spriggans
  8 slime creatures
  3 ynoxinuls (Abyss:2)
  3 centaur simulacra (D:11)
  2 vampires
  A shadow (D:13)
  4 wraiths
  5 wyverns
  72 yaks
  2 fire bats (Abyss:2)
  3 basilisks
  2 neqoxecs (Abyss:2)
  A basilisk (shapeshifter) (D:13)
  3 fire elementals (D:13)
  6 vampire mosquitoes
  2 death yak simulacra (IceCv)
  3 nagas (Lair:3)
  Edmund (D:4)
  A harpy simulacrum (IceCv)
  7 swamp worms
  11 wargs
  7 acid dragons
  19 water moccasins
  A hell hound (D:13)
  7 large abominations (Abyss:2)
  3 hydra simulacra (IceCv)
  A swamp drake (Swamp:1)
  58 orc warriors
  3 black bears
  5 ice beasts
  6 ogres
  20 wolves
  3 boggarts (Lair:5)
  3 starcursed masses (Abyss:2)
  4 centaurs
  2 phantoms (D:5)
  3 kobold brigands
  Blork the orc (Orc:1)
  18 bullfrogs
  2 gnoll sergeants
  8 two-headed ogre simulacra
  3 scorpions
  3 cane toad simulacra (IceCv)
  3 wights (D:9)
  2 elephant simulacra (IceCv)
  3 howler monkeys
  2 electric eels
  2 bullfrog zombies (D:6)
  28 orc priests
  2 jellies
  2 gnoll boudas (D:4)
  Crazy Yiuf (D:4)
  6 hounds
  2 iguanas (D:6)
  3 sleepcaps
  18 orc wizards
  3 polar bear simulacra
  4 troll simulacra (IceCv)
  3 spriggan simulacra (IceCv)
  3 small abominations (Abyss:2)
  5 wolf simulacra (IceCv)
  14 gnolls
  7 naga simulacra (IceCv)
  7 adders
  A river rat (shapeshifter) (D:14)
  A shadow imp (D:4)
  9 white imps
  9 ufetubi
  2 worms
  A dart slug (D:1)
  90 orcs
  4 bats
  8 endoplasms
  3 giant cockroaches
  9 goblins
  6 hobgoblins
  A quokka (D:2)
  9 ball pythons
  2 frilled lizards (D:1)
  20 kobolds
  5 rats
  3 starspawn tentacles (Abyss:2)
912 creatures vanquished.

Vanquished Creatures (others)
  A bloated husk (Swamp:2)
  A white imp (IceCv)
  An ufetubus (D:11)
  30 foxfires (Swamp:2)
  3 spectral weapons
  6 starspawn tentacles (Abyss:2)
42 creatures vanquished.

Grand Total: 954 creatures vanquished

Notes
Turn   | Place    | Note
-------+----------+-------------------------------------------
     0 | D:1      | senseless the Minotaur Fighter began the quest for the Orb.
     0 | D:1      | Reached XP level 1. HP: 19/19 MP: 0/0
   203 | D:1      | Reached XP level 2. HP: 27/27 MP: 1/1
   460 | D:1      | Reached skill level 4 in Shields
   692 | D:1      | Reached XP level 3. HP: 33/33 MP: 2/2
  1023 | D:2      | Found a faded altar of an unknown god.
  1482 | D:2      | Found Ogaum's Assorted Antiques.
  1493 | D:2      | Bought a scroll labelled ELUHYCI IKHLUG for 28 gold pieces
  1493 | D:2      | Bought a bubbling blue potion for 25 gold pieces
  1493 | D:2      | Bought a scroll labelled NASTRE ETZARPHE for 28 gold pieces
  1601 | D:2      | Reached XP level 4. HP: 39/40 MP: 3/3
  1889 | D:3      | Identified the +4 whip of Wutwyer {venom, Contam rElec
                  | Str-4 SInv}
  2119 | D:3      | Found a burning altar of Makhleb.
  2175 | D:3      | Identified the +4 plate armour of the Guild-Master {Dex+3}
  2516 | D:3      | Found a shimmering blue altar of Sif Muna.
  2582 | D:4      | Noticed a scorpion
  2586 | D:4      | Noticed a scorpion
  2586 | D:4      | Noticed an ogre
  2590 | D:4      | Reached XP level 5. HP: 25/47 MP: 4/4
  2794 | D:4      | Reached skill level 5 in Armour
  2794 | D:4      | Reached skill level 5 in Shields
  2803 | D:4      | Reached skill level 5 in Fighting
  2806 | D:4      | Reached XP level 6. HP: 56/56 MP: 5/5
  3075 | D:2      | Bought a metallic red potion for 25 gold pieces
  3075 | D:2      | Bought a fizzy amethyst potion for 25 gold pieces
  3158 | D:4      | Reached skill level 5 in Axes
  3158 | D:4      | Reached XP level 7. HP: 62/62 MP: 6/6
  3586 | D:4      | Noticed Edmund
  3598 | D:4      | Killed Edmund
  3599 | D:4      | Reached skill level 6 in Shields
  3671 | D:4      | Identified the +9 hammer "Timuruypp" {flame, rC+ Int-3
                  | SInv}
  3675 | D:4      | Found a runed translucent door.
  3676 | D:4      | Noticed Crazy Yiuf
  3685 | D:4      | Killed Crazy Yiuf
  3896 | D:5      | Entered Level 5 of the Dungeon
  4008 | D:5      | Reached XP level 8. HP: 53/71 MP: 7/7
  4038 | D:5      | Identified the +6 dagger of Distant Shores {spect, Str+4
                  | Int+4}
  4194 | D:5      | Found a glowing silver altar of Zin.
  4266 | D:5      | Reached skill level 7 in Shields
  4326 | D:5      | Found a radiant altar of Vehumet.
  4571 | D:5      | Found an ornate altar of the Wu Jian Council.
  4629 | D:5      | Found a sacrificial altar of Ru.
  4643 | D:5      | Identified a scroll of acquirement
  4643 | D:5      | Acquired the +3 hat "Orghi" {rN+ Regen+ rCorr Int+3}
  4691 | D:6      | Found a white marble altar of Elyvilon.
  4762 | D:6      | Found an ancient bone altar of Kikubaaqudgha.
  4879 | D:6      | Found a hazy altar of Hepliaklqana.
  4941 | D:6      | Identified the +5 scale mail of the Unbroken {Int+4}
  4993 | D:6      | Found a staircase to the Ecumenical Temple.
  5063 | Temple   | Entered the Ecumenical Temple
  5072 | Temple   | Became a worshipper of the Shining One
  5153 | D:6      | Found Zikhig's Magic Scroll Boutique.
  5347 | D:6      | Found a basalt altar of Yredelemnul.
  5488 | D:7      | Reached skill level 8 in Shields
  5488 | D:7      | Reached XP level 9. HP: 81/81 MP: 8/8
  5780 | D:7      | Reached skill level 9 in Shields
  5945 | D:8      | Reached * piety under the Shining One
  5951 | D:8      | Noticed a two-headed ogre
  5962 | D:8      | Killed a two-headed ogre
  5963 | D:8      | Reached XP level 10. HP: 89/91 MP: 9/9
  5966 | D:8      | Found Vutudd's General Store.
  5979 | D:8      | Noticed Erica
  5987 | D:8      | Killed Erica
  6051 | D:8      | Noticed Psyche
  6053 | D:8      | Killed Psyche
  6054 | D:8      | Reached skill level 10 in Fighting
  6054 | D:8      | Reached skill level 10 in Armour
  6054 | D:8      | Reached skill level 10 in Shields
  6309 | D:8      | Found a snail-covered altar of Cheibriados.
  6309 | D:8      | Found a blossoming altar of Fedhas.
  6440 | D:9      | Noticed a smoke demon
  6440 | D:9      | Noticed a smoke demon
  6632 | D:9      | Reached skill level 10 in Axes
  6787 | D:9      | Identified the +1 robe of Beauty {rPois rF++ Slay-2}
  7163 | D:10     | Entered Level 10 of the Dungeon
  7219 | D:10     | Found a stormy altar of Qazlal.
  7297 | D:10     | Reached ** piety under the Shining One
  7489 | D:10     | Reached XP level 11. HP: 101/101 MP: 10/10
  7522 | D:10     | Reached skill level 11 in Shields
  7528 | D:10     | Found an opulent altar of Gozag.
  7568 | D:10     | Found a broken altar of Ashenzari.
  7631 | D:10     | Found a sparkling altar of Nemelex Xobeh.
  7973 | D:11     | Found a frozen archway.
  8007 | D:11     | Noticed a purple ugly thing
  8008 | IceCv    | Entered an ice cave
  8031 | IceCv    | Reached *** piety under the Shining One
  8143 | IceCv    | Identified the +2 scale mail of Light {+Inv Will+ MP-9}
  8225 | IceCv    | Noticed a bog body
  8225 | IceCv    | Reached **** piety under the Shining One
  8227 | IceCv    | Noticed a bog body
  8247 | IceCv    | Killed a bog body
  8249 | IceCv    | Killed a bog body
  8370 | IceCv    | Reached ***** piety under the Shining One
  8443 | IceCv    | Reached skill level 12 in Shields
  8622 | D:11     | Killed a purple ugly thing
  8649 | D:11     | Found a staircase to the Orcish Mines.
  8689 | D:11     | Reached XP level 12. HP: 112/112 MP: 11/11
  8800 | D:11     | Noticed a rakshasa
  8826 | D:11     | Killed a rakshasa
  9023 | D:11     | Identified the ring "Ralug" {rElec rN++ EV+5}
  9059 | D:11     | Found a staircase to the Lair.
  9161 | D:11     | Noticed a boulder beetle
  9174 | D:11     | Killed a boulder beetle
  9215 | D:11     | Identified the +8 broad axe of Anger {antimagic, rElec rC+
                  | Int-2 Dex+3}
  9710 | D:12     | Noticed a boulder beetle
  9720 | D:12     | Killed a boulder beetle
  9721 | D:12     | Reached skill level 13 in Shields
  9753 | D:12     | Noticed a two-headed ogre
  9760 | D:12     | Killed a two-headed ogre
  9785 | D:12     | Reached ****** piety under the Shining One
 10049 | D:12     | Noticed a boulder beetle
 10057 | D:12     | Killed a boulder beetle
 10279 | D:12     | Noticed a boulder beetle
 10294 | D:12     | Killed a boulder beetle
 10588 | D:13     | Noticed a five-headed hydra
 10594 | D:13     | Killed a five-headed hydra
 10595 | D:13     | Reached XP level 13. HP: 123/123 MP: 3/12
 10780 | D:13     | Noticed Azrael
 10955 | D:13     | Killed Azrael
 10956 | D:13     | Reached skill level 14 in Shields
 11173 | Abyss:2  | Cast into level 2 of the Abyss (a wizard)
 11177 | Abyss:2  | Noticed an ancient lich
 11371 | Abyss:2  | Noticed a cyan very ugly thing
 11378 | Abyss:2  | Noticed a tentacled starspawn
 11386 | Abyss:2  | Killed a cyan very ugly thing
 11396 | Abyss:2  | Killed a tentacled starspawn
 11426 | Abyss:2  | Gained mutation: Your spells are a little easier to cast,
                  | but a little less powerful. [a neqoxec]
 11427 | Abyss:2  | Gained mutation: You are covered in fur. (AC +1) [a
                  | neqoxec]
 11463 | Abyss:2  | Noticed a starcursed mass
 11562 | Abyss:2  | Noticed a blizzard demon
 11570 | Abyss:2  | Killed a blizzard demon
 11603 | Abyss:2  | Noticed a tentacled starspawn
 11618 | Abyss:2  | Killed a tentacled starspawn
 11636 | Abyss:2  | Found a blossoming altar of Fedhas.
 11641 | Abyss:2  | Noticed a profane servitor
 11641 | Abyss:2  | Noticed a balrug
 11670 | Abyss:2  | Noticed a red draconian scorcher
 11681 | Abyss:2  | HP: 6/125 [red draconian scorcher/searing blast (12)]
 11687 | Abyss:2  | Killed a red draconian scorcher
 11688 | Abyss:2  | Reached skill level 15 in Fighting
 11688 | Abyss:2  | Reached skill level 15 in Armour
 11688 | Abyss:2  | Reached skill level 15 in Shields
 11750 | Abyss:2  | Noticed a tentacled starspawn
 11757 | Abyss:2  | Killed a tentacled starspawn
 11758 | Abyss:2  | Reached XP level 14. HP: 120/135 MP: 4/13
 11779 | Abyss:2  | Reached skill level 15 in Axes
 11785 | D:13     | Escaped the Abyss
 11822 | D:13     | Found a gate to the Vaults.
 11972 | D:14     | Found a shadowy altar of Dithmenos.
 12376 | D:14     | Reached skill level 16 in Shields
 12441 | D:14     | Found a stormy altar of Qazlal.
 12482 | D:14     | Identified the +1 cloak of the Watchman {Regen+ Str+6
                  | Dex-3}
 12498 | D:14     | Identified the +2 robe of Paruohas {rF+ rCorr Dex-4
                  | Archmagi}
 12863 | D:14     | Acquired 634 gold pieces
 13151 | D:2      | Bought the +3 pair of gauntlets of War {Slay+5} for 1330
                  | gold pieces
 13151 | D:2      | Found the +3 pair of gauntlets of War {Slay+5}
 13151 | D:2      | Bought a masterwork war axe for 238 gold pieces
 13151 | D:2      | Identified the +10 war axe of Mana {vamp, rElec rN+ Int-3
                  | SInv} (You bought it in a shop on level 2 of the Dungeon)
 13362 | Lair:1   | Entered Level 1 of the Lair of Beasts
 13695 | Lair:1   | Reached XP level 15. HP: 145/145 MP: 4/14
 14017 | Lair:2   | Acquired a manual of Shields
 14305 | Lair:2   | Noticed Gastronok
 14319 | Lair:2   | Killed Gastronok
 14320 | Lair:2   | Reached skill level 1 in Invocations
 14441 | Lair:2   | Found a staircase to the Swamp.
 14666 | Lair:2   | Found the +8 whip "Snakebite" {venom, curare, rPois}
 15238 | Lair:3   | Found a staircase to the Snake Pit.
 15547 | Lair:4   | Reached skill level 17 in Shields
 16073 | Lair:4   | Noticed Sonja
 16078 | Lair:4   | Killed Sonja
 16461 | Lair:5   | Entered Level 5 of the Lair of Beasts
 16461 | Lair:5   | Found a viscous altar of Jiyva.
 16461 | Lair:5   | Found a staircase to the Slime Pits.
 17028 | Lair:5   | Reached skill level 18 in Shields
 17241 | Lair:5   | Reached skill level 5 in Invocations
 17553 | Orc:1    | Entered Level 1 of the Orcish Mines
 17553 | Orc:1    | Noticed Blork the orc
 17560 | Orc:1    | Killed Blork the orc
 17651 | Orc:1    | Reached XP level 16. HP: 155/155 MP: 6/18
 18028 | Orc:1    | Found Lewafeyr's Magic Scroll Boutique.
 18176 | Orc:2    | Entered Level 2 of the Orcish Mines
 18221 | Orc:2    | Found a staircase to the Elven Halls.
 18332 | Orc:2    | Noticed Saint Roka
 18352 | Orc:2    | Killed Saint Roka
 18353 | Orc:2    | Reached skill level 19 in Shields
 18571 | Orc:2    | Noticed Nessos
 18574 | Orc:2    | Killed Nessos
 18795 | Orc:2    | Found Leptyrch's Antique Weapon Shoppe.
 18798 | Orc:2    | Found Kyoc's Armour Emporium.
 18799 | Orc:2    | Found Wagoxtuy's Assorted Antiques.
 18800 | Orc:2    | Found Hewkirgho's Armour Shoppe.
 19037 | D:15     | Entered Level 15 of the Dungeon
 19270 | D:15     | Found a staircase to the Depths.
 19566 | D:15     | Reached skill level 20 in Shields
 20058 | Swamp:1  | Entered Level 1 of the Swamp
 20124 | Swamp:1  | Noticed Mlioglotl
 20141 | Swamp:1  | Killed Mlioglotl
 20633 | Swamp:1  | Got the Quarto of Gusts
 20996 | Swamp:2  | Reached XP level 17. HP: 166/166 MP: 7/22
 21060 | Swamp:2  | Reached skill level 1 in Throwing
 21316 | Swamp:2  | Killed from afar by a will-o-the-wisp

Illustrated notes

Levels and vault maps discovered:
D:1:      dpeg_arrival_morbid_curiosity, layout_loops_corners
D:2:      layout_basic, serial_shops, shop, ebering_ecumenical_altar_hall,
          kennysheep_generic_room_12
D:3:      layout_loops_ring, nicolae_sif_muna_little_library,
          lightli_temple_of_fire, small_statue_intersection
D:4:      layout_loops_ring, uniq_edmund, uniq_crazy_yiuf_cottage
D:5:      minmay_chambers_of_fours, layout_cave_pools,
          nicolae_wu_jian_immortal_techniques, general_overflow_altar,
          zin_statuary, nicolae_vehumet_altar_sigil
D:6:      layout_loops_ring, kennysheep_mini_moat,
          nicolae_hepliaklqana_hippocampus, kiku_gazebo_garden_becter,
          lemuel_zombie_altar_yredelemnul, minmay_temple_entry_fiery,
          serial_shops, nicolae_shop_rolled_up
D:7:      layout_gridville
D:8:      layout_cave_pools, gammafunk_temple_overflow_statue, serial_shops,
          nicolae_shop_statue_plus, chequers_serial_rivers_micro_a, uniq_psyche,
          uniq_erica
D:9:      layout_loops_corners, st_stairs_13
D:10:     layout_cave_pods, nicolae_qazlal_style_of_elements,
          mainiacjoe_overflow_alcove_2, mainiacjoe_overflow_six_doors_small,
          nicolae_gozag_seed_capital, serial_column_ruins,
          column_ruins_hut_ruined, column_ruins_square_large,
          column_ruins_open_small, column_ruins_open_small,
          column_ruins_columns_corner, column_ruins_open_medium, st_stairs_12
D:11:     minmay_distorted_concentric_squares, layout_irregular_city,
          due_lair_maze_entry_diamond, orc_0_dummy, serial_ice, serial_ice_i,
          serial_ice_m, serial_ice_c, serial_ice_f, serial_ice_d, serial_ice_a,
          serial_ice_b, portal_ice_cave_entry_pillars_1, gauntlet_entry_generic,
          chequers_decorated_corner
D:12:     nzn_winding_woodlands_medium [nzn_winding_woodlands_5x5_closed_star,
          nzn_winding_woodlands_5x15_jagged,
          nzn_winding_woodlands_5x5_checkerboard,
          nzn_winding_woodlands_5x5_default, nzn_winding_woodlands_center_lodge,
          nzn_winding_woodlands_5x5_three, nzn_winding_woodlands_5x5_cross,
          nzn_winding_woodlands_5x15_garden, nzn_winding_woodlands_5x5_default],
          layout_cave_pods
D:13:     layout_gridville, david_vaults_4, uniq_azrael
D:14:     minmay_the_grid_octo_tiled_octocenter [minmay_the_grid_octo_odd_swirl,
          minmay_the_grid_octo_vomiting_pacman, minmay_the_grid_octo_horde,
          minmay_the_grid_octo_pinwheel,
          minmay_the_grid_octo_prize_ultimate_mussel_roller,
          minmay_the_grid_square_5x5_minibox,
          minmay_the_grid_square_5x5_spiral_small,
          minmay_the_grid_square_5x5_spiral, minmay_the_grid_square_5x5_lines],
          layout_irregular_city, nicolae_dithmenos_the_darkroom
D:15:     grunt_enter_depths_hoard, layout_long_grid,
          chequers_serial_rivers_micro_e, chequers_serial_rivers_micro_d,
          nicolae_hexahallways
Temple:   nicolae_temple_ecumenical_triangle
Lair:1:   layout_gridlike, beast_lair_carwin_2, grunt_megastairs_1
Lair:2:   minmay_guarded_unrand_snakebite, layout_regular_city,
          skrybe_swamp_entry_bodies, uniq_gastronok
Lair:3:   layout_regular_city, nicolae_snake_entry_squirm
Lair:4:   dreamdust_isle_of_ice, layout_regular_city,
          hangedman_lair_unloving_vines, grunt_megastairs_5, uniq_sonja
Lair:5:   minmay_lair_end_enchanted_forest, layout_cave_pods, slime_entry_1
Swamp:1:  nicolae_swamp_standing_stones, layout_basic_swamp,
          infiniplex_staircase_pool_2, uniq_mlioglotl
Swamp:2:  nicolae_swamp_ascending_descending, layout_falls_marsh,
          evilmike_swamp_ruin_house_1, swamp_pool2,
          nicolae_swamp_wisp_ring_woods
Orc:1:    layout_caves, special_room [special_room_orc], serial_shops, shop,
          sword_in_stone
Orc:2:    st_orc_pillars, layout_diamond_mine, nicolae_orc_bridge_out,
          nooodl_orcs_dogs, uniq_nessos, uniq_saint_roka

Skill      XL: |  1  2  3  4  5  6  7  8  9 10 11 12 13 14 15 16 17 |
---------------+----------------------------------------------------+-----
Armour         | 4 5 6 8 9 10 12 13 15 16 17 18 | 18.7
Fighting       | 4 5 6 8 9 10 12 13 15 16 17 18 | 18.8
Shields        | 4 5 6 8 9 10 12 13 15 16 18 20 | 20.7
Axes           | 3 4 5 6 7 9 10 12 13 14 16 18 | 18.0
Invocations    | 5 8 |  8.1
Throwing       | 1 |  1.4

Action                     |  1- 3 |  4- 6 |  7- 9 | 10-12 | 13-15 | 16-18 || total
---------------------------+-------+-------+-------+-------+-------+-------++-------
  Melee: War axe           |    62 |    66 |   159 |   306 |       |       ||   593
         Headbutt          |    13 |    14 |    30 |   127 |   260 |   114 ||   558
         Broad axe         |       |       |       |   111 |   835 |   391 ||  1337
         Mace              |       |       |       |     3 |     3 |       ||     6
         Scimitar          |       |       |       |       |    10 |     1 ||    11
 Invoke: Divine Shield     |       |       |       |     1 |     1 |     1 ||     3
    Use: Scroll            |       |    13 |     9 |    11 |     8 |     4 ||    45
         Potion            |       |       |       |     3 |       |     1 ||     4
 Armour: Scale mail        |    27 |     2 |       |       |       |       ||    29
         Plate armour      |       |    29 |    77 |   140 |   419 |    69 ||   734
         Chain mail        |       |     2 |       |       |       |    18 ||    20
  Dodge: Dodged            |    35 |    16 |    29 |    89 |   265 |    75 ||   509
  Block: Buckler           |     9 |    20 |    38 |   193 |   298 |       ||   558
         Reflection        |       |       |       |     4 |     9 |    12 ||    25
         Kite shield       |       |       |       |       |   270 |   303 ||   573

Table legend: (Time is in decaauts)
 A = Elapsed time spent in this place.
 B = Non-inter-level travel time spent in this place.
 C = Inter-level travel time spent in this place.
 D = Time resting spent in this place.
 E = Time spent auto-exploring this place.
 F = Levels seen in this place.
 G = Mean time per level.
                   A        B        C        D        E       F      G
               +--------+--------+--------+--------+--------+-----+--------+
         Total |  21166 |  19297 |   1869 |    106 |  15260 |  27 |  783.9 |
       Dungeon |  13339 |  11958 |   1381 |     70 |   9701 |  15 |  889.3 |
        Temple |     18 |     10 |      8 |      0 |      0 |   1 |   18.0 |
          Lair |   4226 |   3909 |    317 |      0 |   3226 |   5 |  845.2 |
         Swamp |   1014 |    956 |     58 |      0 |    715 |   2 |  507.0 |
  Orcish Mines |   1361 |   1257 |    104 |      0 |    962 |   2 |  680.5 |
         Abyss |    579 |    579 |      0 |      0 |    290 |   1 |  579.0 |
      Ice Cave |    627 |    627 |      0 |     36 |    365 |   1 |  627.0 |
               +--------+--------+--------+--------+--------+-----+--------+

Top non-repeatable levels by time:
     D:4: 1290 daAuts
    D:11: 1179 daAuts
     D:2: 1099 daAuts
    D:12: 1056 daAuts
    D:14: 1037 daAuts
     D:1: 1012 daAuts
  Lair:5: 954 daAuts
     D:9: 949 daAuts
  Lair:4: 917 daAuts
  Lair:2: 906 daAuts
     D:6: 869 daAuts
    D:15: 838 daAuts
    D:10: 819 daAuts
    D:13: 784 daAuts
     D:5: 774 daAuts
